 Dungeon Crawl Stone Soup version 0.30-a0-168-g0b976cbdc4 (webtiles) character file.

Game seed: 10643269674269380473

1638 qw the Cleaver (level 8, 0/51 HPs)
             Began as a Gargoyle Fighter on Sept 29, 2022.
             Slain by a manticore (7 damage)
             ... on level 6 of the Dungeon.
             The game lasted 00:02:51 (8509 turns).

qw the Cleaver (Gargoyle Fighter)                   Turns: 8509, Time: 00:02:51

Health: 0/51       AC: 17    Str: 22    XL:     8   Next: 98%
Magic:  8/8        EV: 12    Int:  9    God:
Gold:   1163       SH:  4    Dex:  9    Spells: 7/7 levels left

rFire   . . .      SeeInvis .    Y - +0 war axe
rCold   . . .      Faith    .    c - +0 buckler
rNeg    + . .      Spirit   .    p - +0 chain mail
rPois   inf        Reflect  .    (no helmet)
rElec   +          Harm     .    (no cloak)
rCorr   .          Rampage  .    l - +0 pair of gloves
Will    .....                    h - +0 pair of boots
Stlth   ..........               (no amulet)
HPRegen 0.17/turn                f - +4 ring of evasion
MPRegen 0.11/turn                (no ring)

@: marked, very slow
A: sickness immunity, AC +5, negative energy resistance 1, electricity
resistance, torment resistance 1, petrification resistance
a: no special abilities


You were on level 6 of the Dungeon.
You visited 2 branches of the dungeon, and saw 7 of its levels.

You collected 1163 gold pieces.


Innate Abilities, Weirdness & Mutations

You are immune to sickness and miasma.
Your stone body is resilient. (AC +5)
You are immune to poison.
You resist negative energy. (rN+)
You are resistant to electric shocks. (rElec)
You are resistant to unholy torment.
You are immune to petrification.


   Skills:
 - Level 6.2 Fighting
 + Level 8.7 Axes
 - Level 4.1 Armour
 - Level 1.8 Dodging
 - Level 3.2 Shields


You had 7 spell levels left.
You didn't know any spells.
Your spell library was empty.

Inventory:

Hand Weapons
 m - a +0 morningstar
 Y - a +0 war axe (weapon)
Armour
 b - the +0 cloak "Heigog Maunn" {Harm Int+4}
   (You acquired it on level 6 of the Dungeon)

   Int:       It affects your intelligence (+4).
   Harm:      It increases damage dealt and taken.
 c - a +0 buckler (worn)
 h - a +0 pair of boots (worn)
 l - a +0 pair of gloves (worn)
 p - a +0 chain mail (worn)
 r - the +1 leather armour "Hefe" {rPois rF++}
   (You found it on level 5 of the Dungeon)

   rF:        It greatly protects you from fire.
   rPois:     It protects you from poison.
Jewellery
 f - a +4 ring of evasion (left hand)
Wands
 n - a wand of digging (5)
Scrolls
 a - 2 scrolls of identify
Potions
 d - 2 potions of might
 e - a potion of lignification
 g - 4 potions of haste
 i - a potion of heal wounds
 j - a potion of attraction
 k - a potion of degeneration {unknown}
 o - a potion of berserk rage {unknown}
 q - a potion of invisibility {unknown}

Dungeon Overview and Level Annotations

Branches:
Dungeon (6/15)             Temple (1/1) D:6

Altars:
Ashenzari
Cheibriados
Dithmenos
Elyvilon
Fedhas
Gozag
Hepliaklqana
Kikubaaqudgha
Makhleb
Nemelex Xobeh
Qazlal
Ru
Sif Muna
Uskayaw
Vehumet
Wu Jian
Xom
The Shining One


Message History

You enter the shallow water.
Moving in this stuff is going to be slow.
The barbed spikes dig painfully into your body as you move.
Your unstable footing causes you to fumble your attack.
You block the manticore's attack. The manticore barely misses you.
You block the manticore's attack.
You closely miss the manticore. The manticore barely misses you.
You block the manticore's attack. The manticore closely misses you.
You slash the manticore!
The manticore is lightly wounded.
The manticore bites you but does no damage.
The manticore claws you but does no damage.
The manticore closely misses you. x2; You block the manticore's attack.
The manticore closely misses you.
You hit the manticore.
The manticore is moderately wounded.
You carefully extract the barbed spikes from your body.
The manticore bites you. The manticore claws you.
The manticore barely misses you.
Your unstable footing causes you to fumble your attack.
You block the manticore's attack. The manticore barely misses you.
The manticore claws you but does no damage.
Your unstable footing causes you to fumble your attack.
You block the manticore's attack.
The manticore claws you but does no damage.
The manticore claws you!
You hit the manticore.
The manticore is moderately wounded.
The manticore bites you but does no damage.
The manticore closely misses you. You block the manticore's attack.
You slash the manticore!
The manticore is severely wounded.
The manticore bites you.
The manticore claws you but does no damage.
The manticore claws you!
You closely miss the manticore.
The manticore is severely wounded.
The manticore bites you! The manticore claws you. The manticore claws you!
You die...

.##....##########..._.#
.##.#.##~~%~~...##....#
.##.###~########.##..##
.....#.##~..P. ##~#))#
..#.##.#~~$P.. #~#)##
..#.##.#S~)~.. #.#.#
.....#%#~~..P. +#.#.#
#.#.##~##~~[.. #..#.#
#.###~######## #@##.#
#.##~##~.?.. #~H#..#
#.##.#~~.PP. #~##..#
#.##.#S)~P.. #.#...#
#.##.#S~?P~. #.###.#
#)##'##~~!~. .. #.#
#.....###### .####.#
###..##<#.######..#.#
###.................#


You could see a manticore.

Vanquished Creatures
  Eustachio (D:4)
  2 water moccasins (D:6)
  An orc warrior (D:6)
  A black bear (D:4)
  A centaur (D:6)
  3 scorpions (D:5)
  A hound (D:5)
  5 orc priests
  3 iguanas
  12 orc wizards
  4 gnolls
  13 adders
  A white imp (D:6)
  A worm (D:2)
  40 orcs
  5 ball pythons
  2 bats
  5 endoplasms
  6 giant cockroaches
  6 hobgoblins
  2 jackals (D:5)
  5 quokkas
  7 goblins
  11 kobolds
  3 rats
141 creatures vanquished.

Notes
Turn   | Place    | Note
-------+----------+-------------------------------------------
     0 | D:1      | qw the Gargoyle Fighter began the quest for the Orb.
     0 | D:1      | Reached XP level 1. HP: 14/14 MP: 1/1
     0 | D:1      | 0 ||| qw: Version: 0.2-a-12-gaebbb33
     0 | D:1      | 0 ||| qw: Game counter: 1253
     0 | D:1      | 0 ||| qw: Always use a shield: true
     0 | D:1      | 0 ||| qw: God list: Okawaru
     0 | D:1      | 0 ||| qw: Allow faded altars: false
     0 | D:1      | 0 ||| qw: Do Orc after D:15 true
     0 | D:1      | 0 ||| qw: Do second Lair branch before Depths: true
     0 | D:1      | 0 ||| qw: Lair rune preference: random
     0 | D:1      | 0 ||| qw: Plans: Normal, Zot:1-4, God:TSO, Crypt, Tomb,
                  | Pan, Slime:5, Hells, Abyss, Orb
     0 | D:1      | 0 ||| PLANNING D:1-11
   105 | D:1      | Reached skill level 2 in Axes
   161 | D:1      | Reached XP level 2. HP: 7/19 MP: 2/2
   818 | D:1      | Reached skill level 3 in Axes
  1090 | D:1      | 1090 ||| UPGRADING to +0 pair of boots.
  1095 | D:1      | 1095 ||| READING 3 scrolls labelled NIT EG TACAARHOI.
  1096 | D:1      | 1096 ||| READING 2 scrolls of identify.
  1096 | D:1      | 1096 ||| IDENTIFYING red potion
  1119 | D:2      | Reached XP level 3. HP: 18/23 MP: 3/3
  1119 | D:2      | 1119 ||| STAIRDANCE
  1238 | D:2      | 1238 ||| FLEEEEING.
  1239 | D:2      | 1239 ||| FLEEEEING.
  1240 | D:2      | 1240 ||| FLEEEEING.
  1241 | D:2      | 1241 ||| FLEEEEING.
  1242 | D:2      | 1242 ||| FLEEEEING.
  1243 | D:2      | 1243 ||| FLEEEEING.
  1245 | D:2      | 1245 ||| FLEEEEING.
  1246 | D:2      | 1246 ||| FLEEEEING.
  1247 | D:2      | 1247 ||| FLEEEEING.
  1248 | D:2      | 1248 ||| FLEEEEING.
  1249 | D:2      | 1249 ||| FLEEEEING.
  1250 | D:2      | 1250 ||| FLEEEEING.
  1251 | D:2      | 1251 ||| FLEEEEING.
  1252 | D:2      | 1252 ||| FLEEEEING.
  1257 | D:2      | 1257 ||| STAIRDANCE
  1507 | D:2      | Reached XP level 4. HP: 28/28 MP: 4/4
  1519 | D:2      | 1519 ||| DROPPING +0 club.
  1664 | D:2      | Reached skill level 4 in Axes
  1899 | D:2      | 1899 ||| DROPPING +0 whip.
  2051 | D:2      | 2051 ||| READING scroll labelled GICWENNYOC.
  2052 | D:2      | 2052 ||| READING scroll labelled CUADOTSYFFE.
  2052 | D:2      | Identified a scroll of acquirement
  2052 | D:2      | 2052 ||| ACQUIRING 819 gold pieces
  2052 | D:2      | Acquired 819 gold pieces
  2054 | D:2      | 2054 ||| READING scroll labelled YJOONNUWATU.
  2055 | D:2      | 2055 ||| READING scroll labelled SINOME KITOKLO.
  2056 | D:2      | 2056 ||| DRINKING 2 pink potions.
  2057 | D:2      | 2057 ||| DROPPING potion of flight.
  2204 | D:3      | 2204 ||| Stepping ~*~*~tactically~*~*~ (hiding).
  2207 | D:3      | 2207 ||| Stepping ~*~*~tactically~*~*~ (hiding).
  2218 | D:3      | 2218 ||| FLEEEEING.
  2219 | D:3      | 2219 ||| FLEEEEING.
  2220 | D:3      | 2220 ||| FLEEEEING.
  2221 | D:3      | 2221 ||| FLEEEEING.
  2223 | D:3      | 2223 ||| FLEEEEING.
  2224 | D:3      | 2224 ||| FLEEEEING.
  2225 | D:3      | 2225 ||| STAIRDANCE
  2339 | D:3      | 2339 ||| STAIRDANCE
  2443 | D:3      | 2443 ||| STAIRDANCE
  2472 | D:2      | HP: 7/28 [something (2)]
  2485 | D:2      | HP: 2/28 [something (3)]
  2800 | D:3      | Reached XP level 5. HP: 14/32 MP: 5/5
  2982 | D:3      | 2982 ||| DROPPING +1 whip of electrocution.
  2983 | D:3      | Found a faded altar of an unknown god.
  3069 | D:3      | 3069 ||| Stepping ~*~*~tactically~*~*~ (stealth).
  3189 | D:3      | You fall into a shaft and drop 2 floors!
  3189 | D:5      | Entered Level 5 of the Dungeon
  3294 | D:5      | Found a sacrificial altar of Ru.
  3295 | D:5      | 3295 ||| Stepping ~*~*~tactically~*~*~ (hiding).
  3309 | D:5      | Reached skill level 5 in Axes
  3329 | D:5      | 3329 ||| Stepping ~*~*~tactically~*~*~ (stealth).
  3374 | D:5      | 3374 ||| Stepping ~*~*~tactically~*~*~ (stealth).
  3375 | D:5      | 3375 ||| Stepping ~*~*~tactically~*~*~ (stealth).
  3389 | D:5      | Reached XP level 6. HP: 33/39 MP: 6/6
  3435 | D:5      | 3435 ||| READING scroll labelled YNGOIN EPREF.
  3436 | D:5      | 3436 ||| READING 2 scrolls of identify.
  3436 | D:5      | 3436 ||| IDENTIFYING golden potion
  3464 | D:4      | 3464 ||| Stepping ~*~*~tactically~*~*~ (hiding).
  3615 | D:4      | Noticed a black bear
  3623 | D:4      | Killed a black bear
  3624 | D:4      | Reached skill level 1 in Dodging
  3686 | D:4      | 3686 ||| Stepping ~*~*~tactically~*~*~ (stealth).
  3688 | D:4      | 3688 ||| Stepping ~*~*~tactically~*~*~ (stealth).
  3690 | D:4      | 3690 ||| Stepping ~*~*~tactically~*~*~ (hiding).
  4137 | D:3      | Found a shimmering blue altar of Sif Muna.
  4141 | D:3      | 4141 ||| DROPPING +0 flail.
  4660 | D:3      | 4660 ||| UPGRADING to +4 ring of evasion.
  4661 | D:3      | 4661 ||| DRINKING 2 smoky clear potions.
  4687 | D:4      | 4687 ||| STAIRDANCE
  4691 | D:3      | Reached XP level 7. HP: 44/44 MP: 7/7
  4694 | D:4      | 4694 ||| STAIRDANCE
  4854 | D:4      | 4854 ||| STAIRDANCE
  4865 | D:3      | Reached skill level 6 in Axes
  5071 | D:4      | Identified the +8 short sword of Emeong {freeze, Int+4}
  5072 | D:4      | Noticed Eustachio
  5079 | D:4      | Killed Eustachio
  5080 | D:4      | 5080 ||| FLEEEEING.
  5081 | D:4      | 5081 ||| FLEEEEING.
  5082 | D:4      | 5082 ||| FLEEEEING.
  5083 | D:4      | 5083 ||| FLEEEEING.
  5084 | D:4      | 5084 ||| FLEEEEING.
  5086 | D:4      | 5086 ||| FLEEEEING.
  5087 | D:4      | 5087 ||| FLEEEEING.
  5089 | D:4      | 5089 ||| STAIRDANCE
  5153 | D:4      | 5153 ||| Stepping ~*~*~tactically~*~*~ (hiding).
  5154 | D:4      | 5154 ||| Stepping ~*~*~tactically~*~*~ (hiding).
  5877 | D:4      | 5877 ||| UPGRADING to +0 pair of gloves.
  5935 | D:5      | Reached skill level 7 in Axes
  5965 | D:5      | 5965 ||| Stepping ~*~*~tactically~*~*~ (stealth).
  6016 | D:5      | 6016 ||| Stepping ~*~*~tactically~*~*~ (stealth).
  6040 | D:5      | 6040 ||| Stepping ~*~*~tactically~*~*~ (hiding).
  6172 | D:5      | Reached XP level 8. HP: 49/49 MP: 8/8
  6424 | D:5      | Identified the +1 leather armour "Hefe" {rPois rF++}
  6603 | D:5      | 6603 ||| Stepping ~*~*~tactically~*~*~ (stealth).
  6650 | D:5      | 6650 ||| FLEEEEING.
  6651 | D:5      | 6651 ||| FLEEEEING.
  6652 | D:5      | 6652 ||| FLEEEEING.
  6653 | D:5      | 6653 ||| FLEEEEING.
  6654 | D:5      | 6654 ||| FLEEEEING.
  6655 | D:5      | 6655 ||| FLEEEEING.
  6656 | D:5      | 6656 ||| FLEEEEING.
  6657 | D:5      | 6657 ||| FLEEEEING.
  6658 | D:5      | 6658 ||| FLEEEEING.
  6660 | D:5      | 6660 ||| FLEEEEING.
  6661 | D:5      | 6661 ||| FLEEEEING.
  6662 | D:5      | 6662 ||| FLEEEEING.
  6663 | D:5      | 6663 ||| FLEEEEING.
  6664 | D:5      | 6664 ||| STAIRDANCE
  6706 | D:4      | 6706 ||| READING scroll labelled UTSUGE AKHU.
  6715 | D:5      | 6715 ||| STAIRDANCE
  6782 | D:5      | 6782 ||| Stepping ~*~*~tactically~*~*~ (hiding).
  7038 | D:5      | 7038 ||| UPGRADING to +0 chain mail.
  7048 | D:5      | 7048 ||| DROPPING +0 scale mail.
  7070 | D:6      | 7070 ||| FLEEEEING.
  7071 | D:6      | 7071 ||| FLEEEEING.
  7072 | D:6      | 7072 ||| FLEEEEING.
  7073 | D:6      | 7073 ||| STAIRDANCE
  7161 | D:6      | Found a staircase to the Ecumenical Temple.
  7162 | D:6      | 7162 ||| PLANNING TEMPLE
  7166 | D:6      | 7166 ||| Stepping randomly (stuck).
  7167 | D:6      | 7167 ||| Stepping randomly (stuck).
  7168 | D:6      | 7168 ||| Stepping randomly (stuck).
  7242 | D:6      | 7242 ||| Stepping ~*~*~tactically~*~*~ (hiding).
  7244 | D:6      | 7244 ||| Stepping ~*~*~tactically~*~*~ (hiding).
  7377 | D:6      | 7377 ||| READING scroll labelled PAOXADAPARE.
  7378 | D:6      | 7378 ||| READING 2 scrolls of identify.
  7378 | D:6      | 7378 ||| IDENTIFYING emerald potion
  7409 | Temple   | Entered the Ecumenical Temple
  7523 | Temple   | 7523 ||| PLANNING D:1-11
  7571 | D:6      | Found a broken altar of Ashenzari.
  7577 | D:6      | Reached skill level 8 in Axes
  7857 | D:6      | 7857 ||| READING scroll of acquirement.
  7857 | D:6      | 7857 ||| ACQUIRING +0 cloak "Heigog Maunn" {Harm Int+4}
  7857 | D:6      | Acquired the +0 cloak "Heigog Maunn" {Harm Int+4}
  7861 | D:6      | 7861 ||| Stepping ~*~*~tactically~*~*~ (hiding).
  7874 | D:6      | Reached skill level 6 in Fighting
  8255 | D:6      | Found a radiant altar of Vehumet.
  8496 | D:6      | Noticed a manticore
  8509 | D:6      | HP: 8/51 [manticore (7)]
  8509 | D:6      | Slain by a manticore

Levels and vault maps discovered:
D:1:      minmay_arrival_shoal_huts, layout_loops_ring
D:2:      layout_basic
D:3:      layout_loops_corners, mainiacjoe_overflow_chevrons,
          basic_ecumenical_altar, minmay_stone_trees_large, st_stairs_8,
          dreamdust_princess_bridge
D:4:      layout_loops_corners, uniq_eustachio
D:5:      layout_basic, nicolae_ru_great_annihilating_truth
D:6:      cheibrodos_two_vegetables, layout_loops_ring,
          overflow_temple_1_default, mainiacjoe_overflow_alcove_1,
          minmay_temple_entry_slanted
Temple:   nicolae_temple_superstar

Skill      XL: |  1  2  3  4  5  6  7  8 |
---------------+-------------------------+-----
Axes           | 2 3 4 5 7 8 |  8.7
Fighting       | 4 5 6 |  6.2
Dodging        | 1 |  1.8
Armour         | 4 |  4.1
Shields        | |  3.2

Action                   |  1- 3 |  4- 6 |  7- 9 || total
-------------------------+-------+-------+-------++-------
Melee: War axe           |    94 |   211 |   267 ||   572
Throw: Boomerang         |       |    26 |     3 ||    29
  Use: Scroll            |     2 |     6 |     4 ||    12
       Potion            |       |     2 |       ||     2
 Stab: Paralysed         |       |     2 |       ||     2
Armor: Scale mail        |    45 |   143 |    30 ||   218
       Chain mail        |       |       |   112 ||   112
Dodge: Dodged            |    42 |    77 |   135 ||   254
Block: Buckler           |    13 |    18 |    42 ||    73

Table legend:
 A = Non-vault XP
 B = Vault XP
 C = Vault XP percentage of total XP
 D = Non-vault monster count
 E = Vault monster count
 F = Vault count percentage of total count
                 A         B        C        D         E       F
            +---------+---------+-------+---------+---------+-------
      Total |    1947 |     393 |  16.8 |     133 |       8 |   5.7
            +---------+---------+-------+---------+---------+-------
        D:1 |      32 |       0 |   0.0 |      12 |       0 |   0.0
        D:2 |     117 |       0 |   0.0 |      20 |       0 |   0.0
        D:3 |     182 |       1 |   0.5 |      20 |       1 |   4.8
        D:4 |     350 |     191 |  35.3 |      25 |       1 |   3.8
        D:5 |     480 |      37 |   7.2 |      22 |       4 |  15.4
        D:6 |     786 |     164 |  17.3 |      34 |       2 |   5.6
            +---------+---------+-------+---------+---------+-------
